Map: [ESL] Oceanborn

Players

Future

  • Race: Terran Terran
  • Spawn Location: 11:00

Nina - Winner!

  • Race: Protoss Protoss
  • Spawn Location: 5:00

Event: ESL SC2 Masters 2023 Winter (Regional)

VOD

Have the link to the VOD?

Description

Time

  • Played on: Oct. 26, 2023, 5:09 p.m.
  • Length: 22:10

All games in this series

Show
View Real Time Build Order
Export as new Build Order

Future Terran 

Build Orders:  

Get SALT Encoding   

  12  0:00  SCV  
  13  0:12  SCV  
  14  0:17  Supply Depot  
  14  0:24  SCV  
  15  0:38  Barracks, SCV  
  16  0:43  Refinery  
  16  0:50  SCV  
  16  0:53  Refinery  
  17  1:02  SCV  
  18  1:15  SCV  
  19  1:25  Reaper  
  19  1:27  Orbital Command  
  20  1:33  Supply Depot  
  20  1:42  Factory  
  20  1:53  SCV  
  21  1:56  Bunker  
  21  1:59  Reaper  
  22  2:05  SCV  
  23  2:17  SCV  
  24  2:30  Command Center, SCV  
  24  2:36  Widow Mine  
  27  2:42  SCV  
  28  2:47  Starport  
  28  2:55  Supply Depot  
  28  3:00  SCV  
  28  3:03  Barracks Reactor  
  28  3:08  Widow Mine  
  30  3:14  SCV  
  31  3:25  Medivac  
  31  3:26  Bunker, SCV  
  34  3:32  Factory Tech Lab  
  34  3:38  SCV  
  35  3:41  Marine x2  
  35  3:42  Orbital Command  
  37  3:49  Refinery  
  37  3:51  Siege Tank, SCV  
  41  3:55  Starport Tech Lab  
  41  4:01  Marine x2  
  43  4:03  SCV  
  43  4:06  Supply Depot  
  43  4:08  SCV  
  45  4:15  SCV  
  48  4:17  Raven  
  48  4:18  Interference Matrix  
  48  4:19  Marine x2  
  48  4:20  SCV  
  51  4:27  SCV  
  51  4:29  Supply Depot  
  52  4:32  SCV  
  52  4:34  Siege Tank  
  56  4:40  Marine  
  56  4:41  Marine  
  56  4:43  SCV  
  56  4:44  SCV  
  56  4:47  Barracks  
  56  4:51  Viking  
  56  4:56  SCV x2  
  58  5:00  Barracks  
  58  5:04  Supply Depot  
  58  5:05  Marine  
  58  5:06  Marine  
  60  5:09  SCV  
  60  5:10  SCV  
  62  5:15  Engineering Bay  
  62  5:17  Siege Tank  
  65  5:22  SCV x2  
  65  5:23  Marine  
  65  5:24  Marine  
  65  5:26  Supply Depot  
  69  5:28  Supply Depot  
  69  5:31  Starport Reactor  
  69  5:34  SCV x2  
  71  5:40  Terran Infantry Weapons Level 1, Supply Depot  
  71  5:44  Stimpack  
  71  5:46  SCV x2  
  71  5:47  Marine x2  
  75  5:51  Marauder  
  75  5:53  Supply Depot  
  77  5:57  Refinery  
  77  5:59  Marauder  
  77  6:00  Combat Shield  
  77  6:03  Factory Reactor  
  79  6:09  Supply Depot, Marine x2  
  81  6:15  Marauder  
  83  6:20  Marauder  
  85  6:27  Marine x2, Medivac x2  
  85  6:28  Supply Depot  
  91  6:37  Missile Turret  
  91  6:38  Missile Turret, Marauder  
  93  6:41  Widow Mine  
  93  6:42  Marauder  
  93  6:44  Widow Mine  
  93  6:45  Marine x2  
  101  6:58  Medivac x2  
  101  7:00  Marauder  
  106  7:01  Supply Depot  
  106  7:03  Marauder, Marine x2  
  110  7:10  Widow Mine x2  
  114  7:20  Concussive Shells  
  114  7:21  Command Center  
  114  7:25  Marauder x2  
  110  7:41  Marine x2  
  112  7:46  Marauder  
  112  7:47  Marauder  
  112  7:50  Barracks  
  114  7:52  Barracks  
  109  8:00  Marine x2  
  109  8:01  Viking x2  
  98  8:07  SCV x2  
  98  8:08  Marauder  
  102  8:14  Marauder  
  102  8:18  Marine x2  
  104  8:21  SCV x2  
  103  8:29  Marauder  
  97  8:35  SCV  
  97  8:36  Marauder, SCV, Terran Infantry Armor Level 1  
  97  8:40  Marine x2  
  103  8:41  Barracks Reactor, Barracks Tech Lab  
  103  8:47  SCV  
  103  8:48  SCV  
  105  8:50  Medivac  
  105  8:51  Medivac  
  105  8:55  Marauder  
  111  8:57  Marauder  
  111  8:59  SCV  
  111  9:00  SCV  
  115  9:03  Bunker, Missile Turret  
  115  9:04  Armory, Marine, Engineering Bay  
  115  9:05  Marine  
  115  9:07  Orbital Command  
  117  9:11  SCV  
  117  9:12  SCV  
  119  9:20  Marine x2, Marauder x3  
  119  9:22  Marine x2  
  129  9:28  Refinery x2  
  129  9:31  Ghost Academy  
  129  9:34  Medivac x2  
  129  9:35  Widow Mine x2  
  137  9:41  Supply Depot  
  137  9:42  Supply Depot  
  137  9:45  Marauder x2  
  141  9:46  Marine, Marauder  
  141  9:50  Marine x3  
  147  9:54  Supply Depot  
  147  9:56  Supply Depot  
  147  10:03  Terran Infantry Weapons Level 2  
  147  10:07  Terran Ship Weapons Level 1  
  147  10:10  Ghost  
  147  10:12  Missile Turret  
  149  10:14  Missile Turret  
  149  10:17  Ghost  
  149  10:18  Ghost  
  149  10:19  Marine x3  
  149  10:20  Marine  
  157  10:26  Supply Depot  
  157  10:27  Supply Depot  
  157  10:32  Terran Infantry Armor Level 2  
  157  10:37  Marine  
  157  10:38  Viking  
  157  10:39  Marauder  
  162  10:46  Marauder  
  162  10:47  Viking  
  162  10:48  Ghost  
  167  10:55  Marine  
  167  10:56  Marine x2  
  170  10:59  Widow Mine x2  
  174  11:09  Marine, Marauder  
  174  11:10  Marauder  
  153  11:15  Marine x2  
  153  11:18  Marauder  
  144  11:20  Command Center  
  140  11:28  Medivac x2  
  140  11:30  Widow Mine  
  140  11:31  Widow Mine  
  146  11:35  Marine  
  146  11:36  Marauder x2  
  146  11:38  Marine  
  146  11:39  Marauder  
  153  11:46  Marine  
  153  11:47  Marine  
  140  11:53  Marine  
  125  11:56  Marine  
  125  11:57  Marauder x2  
  125  11:58  SCV x3  
  125  12:01  Widow Mine x2, Marauder  
  126  12:11  Medivac  
  126  12:12  Medivac  
  130  12:17  SCV x3  
  130  12:18  Marauder  
  130  12:19  Marauder  
  130  12:22  Sensor Tower  
  137  12:23  Ghost  
  137  12:24  Marine  
  137  12:25  Marine  
  137  12:28  Marine x2  
  143  12:31  SCV  
  143  12:32  SCV  
  145  12:38  Terran Infantry Weapons Level 3  
  145  12:39  Ghost  
  145  12:41  Ghost  
  149  12:49  Marine x3  
  149  12:50  Marine  
  153  12:54  SCV  
  153  12:55  SCV  
  153  12:56  Marauder  
  155  13:04  Terran Infantry Armor Level 3  
  155  13:07  Marine x2  
  155  13:08  Marauder  
  155  13:09  Planetary Fortress  
  155  13:11  Ghost  
  159  13:16  Marine x2  
  159  13:17  Marine  
  162  13:24  Marine, Widow Mine x2  
  165  13:27  Missile Turret  
  165  13:30  Sensor Tower, Medivac  
  165  13:31  Medivac  
  169  13:41  Marauder x3  
  175  13:44  Marine x2  
  177  13:49  Widow Mine  
  177  13:50  Widow Mine  
  177  13:52  Command Center  
  173  14:04  Marauder x2, Marine  
  178  14:14  Marine x2, Marauder  
  178  14:16  Widow Mine  
  170  14:25  Widow Mine  
  170  14:26  Marauder, Medivac x2  
  177  14:35  Marine x2, Marauder x2  
  177  14:36  Marine  
  177  14:37  Widow Mine  
  179  14:46  Barracks x2  
  179  14:47  Barracks  
  179  14:50  Marauder, Marine  
  169  14:53  Marine x2  
  169  14:54  Marine  
  169  14:56  Marauder, Medivac  
  169  14:57  Marauder  
  145  15:03  Widow Mine x2  
  123  15:07  Marine, SCV x2  
  123  15:08  SCV x2  
  123  15:11  Marauder  
  128  15:18  Marauder  
  130  15:29  Marauder  
  130  15:30  Sensor Tower, Marine x3  
  130  15:33  Marauder  
  130  15:34  Sensor Tower  
  135  15:35  Barracks Tech Lab  
  135  15:36  Barracks Tech Lab x2  
  135  15:40  Widow Mine x2  
  139  15:46  Ghost  
  141  15:50  Ghost  
  141  15:51  SCV x2  
  141  15:53  SCV x2  
  141  15:56  Missile Turret  
  147  16:01  Marauder x2  
  147  16:03  SCV, Marine x3  
  155  16:04  Marine  
  136  16:18  Marauder  
  136  16:21  Marauder x2  
  136  16:23  Marine x2  
  136  16:24  Marine  
  132  16:26  Widow Mine x2  
  132  16:29  Viking  
  132  16:30  Viking  
  132  16:31  Planetary Fortress  
  136  16:36  Marauder x2  
  136  16:37  Marine  
  136  16:38  Marine  
  142  16:52  Marauder x3  
  142  16:53  Marine x2  
  148  16:55  Marine  
  148  16:56  Marauder  
  148  16:58  Marauder  
  148  16:59  Ghost  
  151  17:02  Marine  
  152  17:13  Ghost  
  152  17:14  Marauder x2  
  150  17:18  Marine x2, Marauder  
  150  17:19  Marauder, Marine  
  150  17:21  Widow Mine x2  
  159  17:28  Marine, Marauder  
  161  17:35  Command Center, Marauder  
  161  17:37  Viking x2  
  165  17:38  Marine  
  165  17:40  Marine  
  173  17:44  Marauder x2  
  173  17:52  Marine x2, Marauder x2  
  173  17:54  Marauder  
  181  18:04  Marauder  
  183  18:06  Missile Turret  
  183  18:08  Marauder x2  
  187  18:13  Marauder  
  187  18:16  Medivac x2  
  193  18:25  Neosteel Armor  
  193  18:28  Fusion Core  
  193  18:30  Starport  
  191  18:36  Marauder  
  191  18:39  Marauder x2  
  191  18:40  Marauder  
  185  18:56  Widow Mine x2  
  185  18:57  Viking x2  
  171  19:04  Marauder x4  
  171  19:05  Marine, Marauder  
  171  19:06  Marine, Marauder  
  179  19:13  Starport Reactor  
  179  19:22  Marine x2  
  173  19:25  Marauder x2  
  173  19:26  Marauder  
  173  19:29  Ghost x3  
  173  19:30  Marine x2  
  185  19:33  Terran Ship Weapons Level 2  
  185  19:40  Marine  
  185  19:43  Command Center  
  184  19:49  Medivac  
  184  19:51  Marauder x2  
  184  19:52  Marauder  
  184  19:53  Marine  
  184  19:58  Marauder x2  
  186  20:05  Marauder, Marine x3  
  143  20:13  Marauder x2  
  111  20:24  Marine x3, Marauder x2  
  111  20:25  Marine  
  117  20:32  SCV x3  
  117  20:33  SCV  
  117  20:34  SCV  
  122  20:41  Marauder  
  124  20:53  Marauder  
  124  20:54  Marine x3  
  129  20:58  Orbital Command  
  129  21:00  Marauder, Refinery  
  131  21:05  Missile Turret  
  131  21:07  SCV  
  131  21:08  Refinery  
  131  21:09  Marauder  
  131  21:10  Marauder  
  136  21:16  Marauder  
  134  21:23  Marauder  
  134  21:24  Marine  
  134  21:25  Marine, Marauder  
  137  21:31  Marauder x2  
  142  21:36  Marine x2, Marauder  
  142  21:39  Marauder  
  141  21:45  Marine x2, Marauder  
  141  21:46  Marauder  
Show
View Real Time Build Order
Export as new Build Order

Nina Protoss - Winner!

Build Orders: 1 Gate Expand, Colossus Rush 

Get SALT Encoding   

  12  0:00  Probe  
  13  0:12  Probe  
  14  0:18  Pylon  
  14  0:24  Probe  
  15  0:36  Probe (Chrono Boost)  
  15  0:37  Gateway  
  16  0:46  Assimilator  
  16  0:47  Probe (Chrono Boost)  
  17  0:51  Probe (Chrono Boost)  
  18  1:03  Probe  
  19  1:15  Probe  
  20  1:26  Cybernetics Core  
  20  1:34  Nexus  
  20  1:43  Pylon  
  20  1:44  Probe  
  21  1:48  Assimilator  
  21  1:56  Probe  
  21  1:59  Stalker (Chrono Boost)  
  22  2:04  Warp Gate  
  22  2:08  Probe  
  25  2:20  Probe, Stalker (Chrono Boost)  
  27  2:32  Probe  
  27  2:36  Robotics Facility  
  28  2:43  Shield Battery  
  28  2:44  Probe  
  28  2:46  Probe  
  28  2:50  Stalker (Chrono Boost)  
  32  3:01  Probe  
  32  3:02  Probe  
  33  3:14  Probe (Chrono Boost)  
  33  3:18  Probe (Chrono Boost)  
  35  3:25  Probe (Chrono Boost)  
  35  3:27  Observer  
  38  3:28  Probe (Chrono Boost)  
  38  3:29  Probe (Chrono Boost)  
  38  3:32  Gateway  
  39  3:35  Pylon  
  39  3:38  Probe  
  39  3:40  Probe  
  41  3:46  Immortal (Chrono Boost)  
  41  3:50  Probe  
  41  3:53  Probe  
  41  3:55  Stalker  
  49  4:02  Probe  
  50  4:03  Pylon  
  50  4:06  Probe  
  50  4:07  Assimilator  
  51  4:14  Probe  
  52  4:19  Probe  
  52  4:20  Immortal (Chrono Boost), Pylon  
  57  4:26  Probe  
  57  4:27  Sentry  
  57  4:31  Observer  
  59  4:41  Probe x2  
  61  4:50  Robotics Bay  
  61  4:52  Warp Prism (Chrono Boost), Assimilator  
  61  4:53  Probe x2  
  64  5:05  Probe  
  64  5:06  Sentry  
  67  5:08  Probe, Pylon  
  67  5:11  Twilight Council  
  68  5:16  Pylon  
  68  5:17  Probe  
  68  5:20  Probe  
  70  5:29  Probe  
  70  5:30  Pylon  
  70  5:34  Zealot, Colossus (Chrono Boost)  
  79  5:43  Extended Thermal Lance  
  79  5:45  Pylon  
  79  5:56  Nexus  
  79  5:57  Probe  
  79  5:58  Probe  
  79  6:01  Sentry  
  83  6:05  Shield Battery  
  83  6:07  Charge (Chrono Boost)  
  83  6:09  Probe  
  84  6:12  Gateway  
  84  6:23  Colossus (Chrono Boost)  
  84  6:25  Shield Battery  
  90  6:27  Zealot  
  90  6:31  Zealot  
  93  6:35  Gateway  
  93  6:41  Pylon  
  93  6:49  Gateway x2  
  92  6:56  Zealot  
  92  6:57  Zealot  
  92  6:59  Probe x2  
  98  7:04  Templar Archives  
  98  7:08  Colossus (Chrono Boost)  
  104  7:09  Probe  
  104  7:11  Probe  
  104  7:15  Probe  
  107  7:17  Zealot  
  107  7:22  Probe  
  110  7:24  Zealot x2  
  110  7:41  Zealot x2  
  110  7:45  Zealot x3  
  110  7:47  Zealot  
  110  7:50  Colossus (Chrono Boost)  
  112  8:03  Stalker x2  
  98  8:06  Stalker  
  98  8:07  Stalker x2  
  98  8:08  Probe  
  98  8:11  Stalker  
  105  8:16  Forge  
  105  8:18  Forge  
  105  8:22  Probe  
  105  8:23  Probe  
  105  8:24  Probe  
  105  8:26  Assimilator  
  105  8:27  Assimilator  
  101  8:34  Probe  
  101  8:35  Probe  
  101  8:36  Probe  
  101  8:38  Pylon  
  101  8:39  Pylon  
  103  8:44  Observer (Chrono Boost)  
  103  8:46  Sentry, Protoss Ground Weapons Level 1 (Chrono Boost), Probe  
  103  8:47  Sentry, Probe  
  110  8:49  Probe  
  110  8:52  Photon Cannon  
  111  8:56  Photon Cannon, Protoss Ground Armor Level 1 (Chrono Boost)  
  111  8:59  Zealot  
  111  9:00  Probe  
  111  9:01  Probe  
  115  9:04  Psionic Storm  
  115  9:08  Observer  
  116  9:18  High Templar x2  
  116  9:23  Zealot x3, Pylon  
  126  9:28  Blink  
  126  9:33  Nexus  
  126  9:35  Pylon  
  126  9:40  Warp Prism (Chrono Boost)  
  126  9:44  High Templar  
  130  9:48  Stalker  
  130  9:50  High Templar  
  134  9:54  Shield Battery, Probe  
  134  9:56  Probe  
  134  9:57  Pylon  
  136  10:01  Shield Battery  
  136  10:03  Probe  
  136  10:06  Probe  
  138  10:08  Probe  
  139  10:15  High Templar x2, Zealot, Probe  
  139  10:16  Zealot  
  139  10:19  Probe  
  139  10:20  Probe  
  150  10:23  Gateway, Stalker  
  152  10:32  Stalker  
  154  10:41  Stalker x2  
  158  10:48  Stalker x2  
  153  10:58  Observer  
  153  11:01  Disruptor (Chrono Boost)  
  153  11:04  Robotics Facility  
  139  11:11  Archon  
  139  11:18  Protoss Ground Weapons Level 2 (Chrono Boost), Protoss Ground Armor Level 2 (Chrono Boost)  
  131  11:19  Probe  
  131  11:22  Probe  
  131  11:25  Stalker x4  
  135  11:29  Probe  
  135  11:30  Probe  
  135  11:31  Probe  
  135  11:32  Photon Cannon  
  144  11:34  Probe  
  144  11:35  Stalker x3  
  151  11:41  Probe  
  151  11:42  Probe  
  151  11:43  Probe  
  109  11:59  Stalker x5  
  106  12:01  Probe  
  106  12:03  Probe  
  106  12:04  Disruptor (Chrono Boost), Probe  
  106  12:06  Assimilator  
  106  12:07  Disruptor (Chrono Boost), Assimilator  
  110  12:09  Zealot x2  
  110  12:14  Gateway  
  114  12:16  Gateway  
  114  12:21  Zealot x3  
  114  12:22  Pylon  
  120  12:24  High Templar  
  120  12:25  High Templar  
  120  12:28  Pylon  
  124  12:31  Pylon  
  124  12:32  Zealot x2  
  128  12:38  High Templar  
  128  12:39  Pylon  
  128  12:43  Nexus, Photon Cannon  
  130  12:45  Disruptor, Pylon  
  130  12:46  Photon Cannon  
  130  12:48  Zealot  
  136  12:57  Stalker x2  
  138  12:59  Stalker x3  
  144  13:09  Observer, Zealot x2  
  148  13:13  Nexus  
  148  13:14  High Templar  
  148  13:19  High Templar, Photon Cannon  
  152  13:20  Photon Cannon  
  152  13:25  Photon Cannon  
  152  13:26  Disruptor  
  156  13:27  Disruptor  
  156  13:30  Pylon  
  160  13:34  Zealot x3  
  160  13:35  Zealot  
  168  13:46  Zealot  
  168  13:50  Zealot x3  
  168  13:53  Shield Battery  
  168  13:55  Photon Cannon  
  172  14:04  Zealot x5  
  172  14:06  Colossus  
  188  14:12  Archon  
  180  14:17  Zealot x4  
  180  14:27  Zealot, Stalker x4  
  170  14:39  Pylon  
  170  14:42  Zealot x4  
  162  14:55  Colossus (Chrono Boost)  
  162  14:58  Observer  
  146  15:05  Stalker x3  
  146  15:06  Probe, Stalker  
  143  15:08  Colossus (Chrono Boost)  
  143  15:11  Probe  
  142  15:19  Probe  
  142  15:20  Probe x3  
  142  15:24  High Templar  
  142  15:25  High Templar x2  
  142  15:26  High Templar x2  
  142  15:27  Protoss Ground Armor Level 3 (Chrono Boost)  
  152  15:35  High Templar x2  
  156  15:45  Photon Cannon  
  156  15:46  Photon Cannon, Colossus (Chrono Boost)  
  162  15:53  Assimilator  
  162  15:54  Assimilator  
  162  15:55  Stalker  
  162  15:56  Stalker  
  166  15:57  Zealot x3  
  166  15:58  Colossus (Chrono Boost)  
  176  16:05  Zealot x2, Pylon  
  178  16:16  Zealot x2  
  178  16:18  Zealot x3  
  161  16:25  Zealot x2  
  157  16:27  Zealot x2  
  157  16:33  Observer  
  157  16:38  Zealot x5  
  162  16:51  Protoss Ground Weapons Level 3 (Chrono Boost)  
  162  16:52  Stalker x2  
  162  16:53  Stalker x2  
  170  16:57  Observer  
  170  17:01  High Templar x2  
  170  17:02  High Templar  
  170  17:03  High Templar  
  170  17:06  Zealot  
  177  17:21  Stalker x3  
  177  17:22  Zealot  
  185  17:27  Stalker  
  183  17:34  Stalker x2  
  183  17:36  Observer  
  187  17:37  High Templar  
  187  17:40  Observer, Photon Cannon  
  187  17:41  Observer  
  191  17:44  Photon Cannon  
  191  17:46  Stalker x4  
  191  17:50  Nexus  
  198  17:53  Pylon  
  198  17:57  Pylon  
  198  18:00  Stalker  
  198  18:04  Pylon  
  200  18:11  Gravitic Drive  
  199  18:14  Photon Cannon  
  199  18:15  Photon Cannon  
  199  18:18  Shield Battery  
  199  18:20  Photon Cannon  
  199  18:25  Photon Cannon  
  199  18:29  Photon Cannon  
  199  18:31  Photon Cannon  
  199  18:33  Photon Cannon  
  199  18:34  Photon Cannon  
  199  18:36  Shield Battery  
  199  18:43  Assimilator  
  199  18:47  Assimilator  
  196  18:48  Observer  
  196  18:49  Photon Cannon  
  196  18:51  Photon Cannon  
  190  18:57  Stalker x4  
  188  19:06  High Templar  
  188  19:08  Gravitic Boosters  
  190  19:11  Zealot x4  
  172  19:32  Colossus x2, Stalker x5  
  172  19:38  Photon Cannon  
  194  19:40  Shield Battery  
  194  19:41  Pylon  
  194  19:51  High Templar x2  
  165  20:11  Stalker x3  
  129  20:26  Disruptor (Chrono Boost)  
  129  20:27  High Templar x4, Archon  
  141  20:33  Warp Prism (Chrono Boost)  
  141  20:37  Observer  
  141  20:42  Robotics Facility  
  141  20:44  Zealot  
  141  20:45  Zealot x4  
  151  20:53  Colossus (Chrono Boost)  
  157  21:02  Disruptor  
  157  21:03  Stalker x2  
  165  21:08  Dark Shrine  
  165  21:13  High Templar  
  165  21:14  High Templar  
  165  21:15  High Templar  
  165  21:16  High Templar  
  173  21:22  Nexus  
  173  21:25  Zealot x3  
  179  21:26  Pylon  
  179  21:27  Pylon  
  179  21:28  Zealot x2  
  187  21:48  Zealot x6  
  195  22:05  Stalker x3  
Tags
 
Add a new tag
Caveats
  • Supply blocks, unpowered buildings, or Contaminate may cause inaccurate times.
  • Supply counts are checked every 10 seconds.